TOP OF THE 1ST |
Montgomery Biscuits batting - Pitching for BlackIron Dragons : RHP Johnathan McJannett
|
Pitching: RHP Johnathan McJannett
|
|
Batting: RHB Juan Díaz
|
0-0: Called Strike 0-1: Called Strike 0-2: Foul Ball, location: 2F 0-2: Ball 1-2: Strikes out swinging
|
Batting: LHB José Martínez
|
0-0: Called Strike 0-1: Swinging Strike 0-2: Ball 1-2: Ball 2-2: Foul Ball, location: 2F 2-2: Foul Ball, location: 2F 2-2: Strikes out looking
|
Batting: LHB Ashley Pickhills
|
0-0: Ball 1-0: Foul Ball, location: 2F 1-1: Called Strike 1-2: Ball 2-2: Ball 3-2: Fly out, F7 (Flyball, 7LM)
|
Top of the 1st over - 0 run(s), 0 hit(s), 0 error(s), 0 left on base; Montgomery 0 - BlackIron 0 |
BOTTOM OF THE 1ST |
BlackIron Dragons batting - Pitching for Montgomery Biscuits : RHP Pedro Valdés
|
Pitching: RHP Pedro Valdés
|
|
Batting: RHB Boyd Pittman
|
0-0: Swinging Strike 0-1: Called Strike 0-2: Foul Ball, location: 2F 0-2: Ball 1-2: Strikes out swinging
|
Batting: RHB José Colón
|
0-0: Ball 1-0: Called Strike 1-1: DOUBLE (Groundball, 5L)
|
Batting: RHB Gil Palmer
|
0-0: Ball 1-0: Foul Ball, location: 2F 1-1: Foul Ball, location: 2F 1-2: Ball 2-2: Ball 3-2: Ground out 6-3 (Groundball, 6S) José Colón to third
|
Batting: SHB Rick Turner
|
0-0: Called Strike 0-1: Swinging Strike 0-2: Strikes out swinging
|
Bottom of the 1st over - 0 run(s), 1 hit(s), 0 error(s), 1 left on base; Montgomery 0 - BlackIron 0 |
TOP OF THE 2ND |
Montgomery Biscuits batting - Pitching for BlackIron Dragons : RHP Johnathan McJannett
|
Batting: SHB Terry O'Farrell
|
0-0: Ball 1-0: SINGLE (Groundball, 34)
|
Batting: RHB Yujiro Kurihara
|
0-0: Called Strike 0-1: Ball Passed Ball! Terry O'Farrell to second 1-1: Ball 2-1: Swinging Strike 2-2: Ball 3-2: Strikes out swinging
|
Batting: RHB Jean-Paul St-Pierre
|
0-0: Called Strike 0-1: Swinging Strike 0-2: Strikes out looking
|
Batting: LHB Curt Causton
|
0-0: Called Strike 0-1: Ball 1-1: Ground out 4-3 (Groundball, 4M)
|
Top of the 2nd over - 0 run(s), 1 hit(s), 0 error(s), 1 left on base; Montgomery 0 - BlackIron 0 |
BOTTOM OF THE 2ND |
BlackIron Dragons batting - Pitching for Montgomery Biscuits : RHP Pedro Valdés
|
Batting: RHB Alfredo Rangel
|
0-0: Called Strike 0-1: Ball 1-1: Ball 2-1: Called Strike 2-2: Strikes out swinging
|
Batting: RHB Edgardo Carrasco
|
0-0: Ball
|
|
|
|
1-0: Swinging Strike 1-1: Called Strike 1-2: Ball 2-2: Ground out 4-3 (Groundball, 4M)
|
Batting: LHB Donnie Cunningham
|
0-0: Called Strike 0-1: Ball 1-1: Ball 2-1: Ball 3-1: Foul Ball, location: 2F 3-2: DOUBLE (Line Drive, 3D)
|
Batting: LHB Culley Vaughan
|
0-0: Swinging Strike 0-1: Called Strike 0-2: Foul Ball, location: 2F 0-2: Foul Ball, location: 2F 0-2: Ball 1-2: Ball 2-2: Foul Ball, location: 2F 2-2: Foul Ball, location: 2F 2-2: Ball 3-2: Base on Balls
|
Batting: RHB Joaquín Rosales
|
0-0: Reached on error, E1 (Groundball, 15S) Donnie Cunningham scores Culley Vaughan to third
|
Batting: RHB Boyd Pittman
|
0-0: Called Strike 0-1: Ball 1-1: Foul Ball, location: 2F 1-2: Fly out, F8 (Flyball, 78M)
|
Bottom of the 2nd over - 1 run(s), 1 hit(s), 1 error(s), 2 left on base; Montgomery 0 - BlackIron 1 |
TOP OF THE 3RD |
Montgomery Biscuits batting - Pitching for BlackIron Dragons : RHP Johnathan McJannett
|
Batting: SHB Andrew Curran
|
0-0: Swinging Strike 0-1: Fly out, F9 (Flyball, 89M)
|
Batting: RHB Peyton Yardley
|
0-0: Called Strike 0-1: Ball 1-1: Ball 2-1: Foul Ball, location: 2F 2-2: Foul Ball, location: 2F 2-2: Ground out 6-3 (Groundball, 6)
|
Batting: RHB Juan Díaz
|
0-0: Swinging Strike 0-1: Ball 1-1: Fly out, F7 (Flyball, 7D)
|
Top of the 3rd over - 0 run(s), 0 hit(s), 0 error(s), 0 left on base; Montgomery 0 - BlackIron 1 |
BOTTOM OF THE 3RD |
BlackIron Dragons batting - Pitching for Montgomery Biscuits : RHP Pedro Valdés
|
Batting: RHB José Colón
|
0-0: Ball 1-0: Ground out 5-3 (Groundball, 5S)
|
Batting: RHB Gil Palmer
|
0-0: Called Strike 0-1: Ball 1-1: Ball 2-1: Called Strike 2-2: Ball 3-2: Base on Balls
|
Batting: SHB Rick Turner
|
0-0: Ball 1-0: Called Strike 1-1: Swinging Strike 1-2: Strikes out swinging Gil Palmer is caught stealing 2nd base Batter strikes out.
|
Bottom of the 3rd over - 0 run(s), 0 hit(s), 0 error(s), 0 left on base; Montgomery 0 - BlackIron 1 |
TOP OF THE 4TH |
Montgomery Biscuits batting - Pitching for BlackIron Dragons : RHP Johnathan McJannett
|
Batting: LHB José Martínez
|
0-0: Ball 1-0: Foul Ball, location: 2F 1-1: Ball 2-1: Ball 3-1: Called Strike 3-2: Foul Ball, location: 2F 3-2: Strikes out swinging
|
Batting: LHB Ashley Pickhills
|
0-0: Fly out, F4 (Popup, 4D)
|
Batting: SHB Terry O'Farrell
|
0-0: Foul Ball, location: 2F 0-1: Ground out U3 (Groundball, 3)
|
Top of the 4th over - 0 run(s), 0 hit(s), 0 error(s), 0 left on base; Montgomery 0 - BlackIron 1 |
BOTTOM OF THE 4TH |
BlackIron Dragons batting - Pitching for Montgomery Biscuits : RHP Pedro Valdés
|
Batting: RHB Alfredo Rangel
|
0-0: Called Strike 0-1: Ball 1-1: Foul Ball, location: 2F 1-2: Ball 2-2: Strikes out looking
|
Batting: RHB Edgardo Carrasco
|
0-0: Called Strike 0-1: Ball Single, Error in OF, E7, batter to second base
|
Batting: LHB Donnie Cunningham
|
0-0: Ball 1-0: Called Strike 1-1: Foul Ball, location: 2F 1-2: Foul Ball, location: 2F 1-2: Ball 2-2: Ball 3-2: Strikes out swinging
|
Batting: LHB Culley Vaughan
|
0-0: Ground out 4-3 (Groundball, 4)
|
Bottom of the 4th over - 0 run(s), 1 hit(s), 1 error(s), 1 left on base; Montgomery 0 - BlackIron 1 |
TOP OF THE 5TH |
Montgomery Biscuits batting - Pitching for BlackIron Dragons : RHP Johnathan McJannett
|
Batting: RHB Yujiro Kurihara
|
0-0: Ball 1-0: Ball 2-0: Foul Ball, location: 2F 2-1: Called Strike 2-2: Foul Ball, location: 2F 2-2: Strikes out looking
|
Batting: RHB Jean-Paul St-Pierre
|
0-0: Ball 1-0: Ball 2-0: Foul Ball, location: 2F 2-1: Ball 3-1: Fly out, F8 (Flyball, 8RD)
|
Batting: LHB Curt Causton
|
0-0: Ball 1-0: Foul Ball, location: 2F 1-1: Ball 2-1: Ball 3-1: Swinging Strike 3-2: Base on Balls
|
Batting: SHB Andrew Curran
|
0-0: Ball 1-0: Called Strike 1-1: Called Strike 1-2: Ball 2-2: Foul Ball, location: 2F 2-2: Foul Ball, location: 2F 2-2: Fly out, F9 (Flyball, 89M)
|
Top of the 5th over - 0 run(s), 0 hit(s), 0 error(s), 1 left on base; Montgomery 0 - BlackIron 1 |
BOTTOM OF THE 5TH |
BlackIron Dragons batting - Pitching for Montgomery Biscuits : RHP Pedro Valdés
|
Batting: RHB Joaquín Rosales
|
0-0: Ball 1-0: Called Strike 1-1: Fly out, F9 (Flyball, 9M)
|
Batting: RHB Boyd Pittman
|
0-0: Fly out, F6 (Popup, 6D)
|
Batting: RHB José Colón
|
0-0: Ground out 6-3 (Groundball, 6)
|
Bottom of the 5th over - 0 run(s), 0 hit(s), 0 error(s), 0 left on base; Montgomery 0 - BlackIron 1 |
TOP OF THE 6TH |
Montgomery Biscuits batting - Pitching for BlackIron Dragons : RHP Johnathan McJannett
|
Batting: RHB Peyton Yardley
|
0-0: Called Strike 0-1: Ball 1-1: Fly out, F8 (Flyball, 8LD)
|
Batting: RHB Juan Díaz
|
0-0: Ball 1-0: Foul Ball, location: 2F 1-1: Called Strike 1-2: Ball 2-2: Ball 3-2: Foul Ball, location: 2F 3-2: Strikes out swinging
|
Batting: LHB José Martínez
|
0-0: Ground out 6-3 (Groundball, 6MS)
|
Top of the 6th over - 0 run(s), 0 hit(s), 0 error(s), 0 left on base; Montgomery 0 - BlackIron 1 |
BOTTOM OF THE 6TH |
BlackIron Dragons batting - Pitching for Montgomery Biscuits : RHP Pedro Valdés
|
Batting: RHB Gil Palmer
|
0-0: Ball 1-0: SINGLE (Groundball, 56D)
|
Batting: SHB Rick Turner
|
0-0: Ball 1-0: Swinging Strike 1-1: Ball 2-1: Ball 3-1: Base on Balls Gil Palmer to second
|
Batting: RHB Alfredo Rangel
|
0-0: Grounds into double play, 5-4-3 (Groundball, 56) Gil Palmer to third
|
Batting: RHB Edgardo Carrasco
|
0-0: Ball Passed Ball! Gil Palmer scores 1-0: Ball 2-0: Swinging Strike 2-1: Ball 3-1: Swinging Strike 3-2: Base on Balls
|
Pitching: RHP Jim Baker
|
|
Batting: LHB Donnie Cunningham
|
0-0: Ball 1-0: Foul Ball, location: 2F 1-1: Called Strike 1-2: Foul Ball, location: 2F 1-2: Foul Ball, location: 2F 1-2: Fly out, F6 (Popup, 6M)
|
Bottom of the 6th over - 1 run(s), 1 hit(s), 0 error(s), 1 left on base; Montgomery 0 - BlackIron 2 |
TOP OF THE 7TH |
Montgomery Biscuits batting - Pitching for BlackIron Dragons : RHP Johnathan McJannett
|
Batting: LHB Ashley Pickhills
|
0-0: Foul Ball, location: 2F 0-1: Ball 1-1: Swinging Strike 1-2: Ball 2-2: Foul Ball, location: 2F 2-2: Ball 3-2: Foul Ball, location: 2F 3-2: DOUBLE (Flyball, 8LXD)
|
Pitching: LHP Frederick Cesti
|
|
Batting: SHB Terry O'Farrell
|
0-0: Foul Ball, location: 2F 0-1: Foul Ball, location: 2F 0-2: Ground out 5-3 (Groundball, 5L)
|
Batting: RHB Yujiro Kurihara
|
0-0: Ball 1-0: Ball 2-0: Swinging Strike 2-1: Foul Ball, location: 2F 2-2: Fly out, F8 (Flyball, 89M)
|
Batting: RHB Jean-Paul St-Pierre
|
0-0: Hit by Pitch
|
Batting: LHB Curt Causton
|
0-0: Ball 1-0: Ball 2-0: Swinging Strike 2-1: Foul Ball, location: 2F 2-2: Foul Ball, location: 2F 2-2: Ball 3-2: Foul Ball, location: 2F 3-2: Foul Ball, location: 2F 3-2: Foul Ball, location: 2F 3-2: SINGLE (Line Drive, 4M) Ashley Pickhills to third Jean-Paul St-Pierre to second Ashley Pickhills scores Jean-Paul St-Pierre to third
|
Pinch Hitting: RHB Pete Smith
|
0-0: Ball 1-0: Ball 2-0: Ball 3-0: Swinging Strike 3-1: Base on Balls Curt Causton to second
|
Pinch Hitting: RHB Dave Dawson
|
0-0: Called Strike 0-1: Ground out 4-3 (Groundball, 34)
|
Top of the 7th over - 1 run(s), 2 hit(s), 0 error(s), 3 left on base; Montgomery 1 - BlackIron 2 |
BOTTOM OF THE 7TH |
BlackIron Dragons batting - Pitching for Montgomery Biscuits : RHP Jim Baker
|
Now at SS: Dave Dawson
|
|
Now in LF: Pete Smith
|
|
Batting: LHB Culley Vaughan
|
0-0: Called Strike 0-1: Called Strike 0-2: Ball 1-2: Ball 2-2: Strikes out swinging
|
Batting: RHB Joaquín Rosales
|
0-0: Foul Ball, location: 2F 0-1: Foul Ball, location: 2F 0-2: Strikes out looking
|
Batting: RHB Boyd Pittman
|
0-0: Ball 1-0: Called Strike 1-1: Called Strike 1-2: SINGLE (Groundball, 4MD)
|
Pinch Hitting: LHB Leonard Young
|
0-0: Called Strike Boyd Pittman steals 2nd base 0-1: Called Strike 0-2: Ball 1-2: Strikes out swinging
|
Bottom of the 7th over - 0 run(s), 1 hit(s), 0 error(s), 1 left on base; Montgomery 1 - BlackIron 2 |
TOP OF THE 8TH |
Montgomery Biscuits batting - Pitching for BlackIron Dragons : LHP Frederick Cesti
|
Pitching: RHP Luis Canseco
|
|
Now at 1B: Frank Maxwell
|
|
Batting: RHB Juan Díaz
|
0-0: Foul Ball, location: 2F 0-1: Ball 1-1: Fly out, F4 (Line Drive, 4)
|
Batting: LHB José Martínez
|
0-0: Foul Ball, location: 2F 0-1: Ground out 5-3 (Groundball, 5)
|
Batting: LHB Ashley Pickhills
|
0-0: Foul Ball, location: 2F 0-1: Ball 1-1: Swinging Strike 1-2: Ball 2-2: Foul Ball, location: 2F 2-2: Ground out 1-3 (Groundball, 13)
|
Top of the 8th over - 0 run(s), 0 hit(s), 0 error(s), 0 left on base; Montgomery 1 - BlackIron 2 |
BOTTOM OF THE 8TH |
BlackIron Dragons batting - Pitching for Montgomery Biscuits : RHP Jim Baker
|
Batting: RHB Gil Palmer
|
0-0: Swinging Strike 0-1: Swinging Strike 0-2: Foul Ball, location: 2F 0-2: Strikes out swinging
|
Batting: SHB Rick Turner
|
0-0: SINGLE (Groundball, 34D)
|
Batting: RHB Alfredo Rangel
|
0-0: DOUBLE (Flyball, 7LD) Rick Turner to third
|
Batting: RHB Edgardo Carrasco
|
0-0: Intentional Walk
|
Pinch Hitting: RHB Brian Jackson
|
0-0: SINGLE (Groundball, 4MD) Rick Turner scores Alfredo Rangel to third Edgardo Carrasco to second
|
Batting: LHB Culley Vaughan
|
0-0: Ball 1-0: Ball 2-0: Ball 3-0: Called Strike 3-1: Fly out, F4 (Line Drive, 4)
|
Batting: RHB Joaquín Rosales
|
0-0: Foul Ball, location: 2F 0-1: Swinging Strike 0-2: Ball 1-2: Strikes out looking
|
Bottom of the 8th over - 1 run(s), 3 hit(s), 0 error(s), 3 left on base; Montgomery 1 - BlackIron 3 |
TOP OF THE 9TH |
Montgomery Biscuits batting - Pitching for BlackIron Dragons : RHP Luis Canseco
|
Pitching: RHP Bret McJannett
|
|
Now in LF: Raúl Leal
|
|
Batting: SHB Terry O'Farrell
|
0-0: Ball 1-0: Foul Ball, location: 2F 1-1: Ball 2-1: Called Strike 2-2: Foul Ball, location: 2F 2-2: Foul Ball, location: 2F 2-2: Foul Ball, location: 2F 2-2: Ball 3-2: Fly out, F9 (Flyball, 8RS)
|
Batting: RHB Yujiro Kurihara
|
0-0: Ball 1-0: Foul Ball, location: 2F 1-1: Swinging Strike 1-2: Strikes out swinging
|
Batting: RHB Jean-Paul St-Pierre
|
0-0: Ball 1-0: Swinging Strike 1-1: Foul Ball, location: 2F 1-2: Ball 2-2: SINGLE (Line Drive, 34D)
|
Batting: LHB Curt Causton
|
0-0: Ground out 4-3 (Groundball, 4)
|
Top of the 9th over - 0 run(s), 1 hit(s), 0 error(s), 1 left on base; Montgomery 1 - BlackIron 3 |
|
|